SL
WIZARDING EXPRESS @ FT. WORTH CATTLEMEN
09/19/2025
 
TOP OF THE 1ST
Wizarding Express batting - Pitching for Ft. Worth Cattlemen : LHP Bartolomeu Lio
Pitching: LHP Bartolomeu Lio
Batting: RHB António Martínez 0-0: Called Strike
0-1: Swinging Strike
0-2: Ball
1-2: Ball
2-2: Fly out, F1 (Line Drive, 13)
Batting: RHB Chi-ju Zhang 0-0: Called Strike
0-1: Ball
1-1: Called Strike
1-2: Strikes out swinging
Batting: RHB Cole Shaffer 0-0: Foul Ball, location: 2F
0-1: Fly out, F6 (Popup, 6M)
Top of the 1st over - 0 run(s), 0 hit(s), 0 error(s), 0 left on base; Wizarding 0 - Ft. Worth 0
BOTTOM OF THE 1ST
Ft. Worth Cattlemen batting - Pitching for Wizarding Express : RHP Lou Meadows
Pitching: RHP Lou Meadows
Batting: SHB Robby Day 0-0: Ball
1-0: Called Strike
1-1: Ball
2-1: Called Strike
2-2: Ball
3-2: Foul Ball, location: 2F
3-2: Ground out 4-3 (Groundball, 4D)
Batting: RHB Joey Morgan 0-0: Ball
1-0: Fly out, F9 (Flyball, 9LMF)
Batting: RHB Bart Lewis 0-0: Called Strike
0-1: Ball
1-1: Fly out, F8 (Flyball, 78D)
Bottom of the 1st over - 0 run(s), 0 hit(s), 0 error(s), 0 left on base; Wizarding 0 - Ft. Worth 0
TOP OF THE 2ND
Wizarding Express batting - Pitching for Ft. Worth Cattlemen : LHP Bartolomeu Lio
Batting: LHB Nathan Tanner 0-0: Fly out, F7 (Line Drive, 7)
Batting: RHB Rafael Arredondo 0-0: Ball
1-0: Foul Ball, location: 2F
1-1: Foul Ball, location: 2F
1-2: SINGLE (Groundball, 34S) (infield hit)
Batting: LHB Kyung-chor Pang 0-0: Ball
1-0: Swinging Strike
1-1: Ball
2-1: Foul Ball, location: 2F
2-2: Strikes out swinging
Batting: RHB Steve Dunn 0-0: Fly out, F8 (Flyball, 8RD)
Top of the 2nd over - 0 run(s), 1 hit(s), 0 error(s), 1 left on base; Wizarding 0 - Ft. Worth 0
BOTTOM OF THE 2ND
Ft. Worth Cattlemen batting - Pitching for Wizarding Express : RHP Lou Meadows
Batting: RHB Teruo Nakayama 0-0: Ball
1-0: SINGLE (Groundball, 6D)
Batting: LHB Ryan Westlake 0-0: Ball
1-0: Foul Ball, location: 2F
1-1: Ball
2-1: Foul Ball, location: 2F
2-2: Ball
3-2: Grounds into double play, 3-6-3 (Groundball, 3)
Batting: RHB Júlio Maldonado 0-0: Called Strike
0-1: Hit by Pitch
Batting: LHB Davis Anderson 0-0: Ball
1-0: Foul Ball, location: 2F
1-1: Called Strike
1-2: Ball
2-2: Strikes out swinging
Bottom of the 2nd over - 0 run(s), 1 hit(s), 0 error(s), 1 left on base; Wizarding 0 - Ft. Worth 0
TOP OF THE 3RD
Wizarding Express batting - Pitching for Ft. Worth Cattlemen : LHP Bartolomeu Lio
Batting: RHB Ed Whitaker 0-0: Ball
1-0: Ball
2-0: Ball
3-0: Swinging Strike
3-1: Base on Balls
Batting: RHB Tenshin Ichikawa 0-0: Foul Ball, location: 2F
0-1: Grounds into double play, 5-4-3 (Groundball, 56)
Batting: RHB António Martínez 0-0: Called Strike
0-1: Ground out 5-3 (Groundball, 56S)
Top of the 3rd over - 0 run(s), 0 hit(s), 0 error(s), 0 left on base; Wizarding 0 - Ft. Worth 0
BOTTOM OF THE 3RD
Ft. Worth Cattlemen batting - Pitching for Wizarding Express : RHP Lou Meadows
Batting: LHB Nobuo Yamashita 0-0: Ball
1-0: Ball
2-0: Foul Ball, location: 2F
2-1: Swinging Strike
2-2: Fly out, F7 (Line Drive, 7)
Batting: RHB Jorge Rosa 0-0: Ball
1-0: Called Strike
1-1: Fly out, F8 (Flyball, 8RXD)
Batting: SHB Robby Day 0-0: Foul Ball, location: 2F
0-1: Hit by Pitch
Batting: RHB Joey Morgan 0-0: Fly out, F7 (Flyball, 78M)
Bottom of the 3rd over - 0 run(s), 0 hit(s), 0 error(s), 1 left on base; Wizarding 0 - Ft. Worth 0
TOP OF THE 4TH
Wizarding Express batting - Pitching for Ft. Worth Cattlemen : LHP Bartolomeu Lio
Batting: RHB Chi-ju Zhang 0-0: Called Strike
0-1: Swinging Strike
0-2: SINGLE (Groundball, 56D)
Batting: RHB Cole Shaffer 0-0: Ball
1-0: Grounds into double play, 4-6-3 (Groundball, 34)
Batting: LHB Nathan Tanner 0-0: Fly out, F6 (Line Drive, 6M)
Top of the 4th over - 0 run(s), 1 hit(s), 0 error(s), 0 left on base; Wizarding 0 - Ft. Worth 0
BOTTOM OF THE 4TH
Ft. Worth Cattlemen batting - Pitching for Wizarding Express : RHP Lou Meadows
Batting: RHB Bart Lewis 0-0: Ball
1-0: Fly out, F5 (Line Drive, 5)
Batting: RHB Teruo Nakayama 0-0: Ball
1-0: Foul Ball, location: 2F
1-1: Ball
2-1: SINGLE (Line Drive, 89S)
Batting: LHB Ryan Westlake 0-0: Called Strike
0-1: Ball
1-1: Foul Ball, location: 2F
1-2: Ball
2-2: Foul Ball, location: 2F
2-2: Foul Ball, location: 2F
2-2: Ball
3-2: Foul Ball, location: 2F
3-2: Fly out, F7 (Flyball, 78S)
Batting: RHB Júlio Maldonado 0-0: Fly out, F5 (Popup, 56)
Bottom of the 4th over - 0 run(s), 1 hit(s), 0 error(s), 1 left on base; Wizarding 0 - Ft. Worth 0
TOP OF THE 5TH
Wizarding Express batting - Pitching for Ft. Worth Cattlemen : LHP Bartolomeu Lio
Batting: RHB Rafael Arredondo 0-0: Ground out 6-3 (Groundball, 6)
Batting: LHB Kyung-chor Pang 0-0: Called Strike
0-1: Swinging Strike
0-2: SINGLE (Groundball, 34D)
Batting: RHB Steve Dunn 0-0: Ball
1-0: Foul Ball, location: 2F
1-1: Grounds into double play, 4-6-3 (Groundball, 4)
Top of the 5th over - 0 run(s), 1 hit(s), 0 error(s), 0 left on base; Wizarding 0 - Ft. Worth 0
BOTTOM OF THE 5TH
Ft. Worth Cattlemen batting - Pitching for Wizarding Express : RHP Lou Meadows
Batting: LHB Davis Anderson 0-0: Ball
1-0: Called Strike
1-1: Ball
2-1: SINGLE (Groundball, 34) (infield hit)
Batting: LHB Nobuo Yamashita 0-0: Sac Bunt - play at first, batter OUT! 1-3
Davis Anderson to second
Batting: RHB Jorge Rosa 0-0: Called Strike
0-1: Ball
1-1: Swinging Strike
1-2: Ball
2-2: Fly out, F8 (Flyball, 8LS)
Batting: SHB Robby Day 0-0: Called Strike
0-1: Foul Ball, location: 2F
0-2: Ball
1-2: Ball
2-2: Fly out, F7 (Flyball, 7D)
Bottom of the 5th over - 0 run(s), 1 hit(s), 0 error(s), 1 left on base; Wizarding 0 - Ft. Worth 0
TOP OF THE 6TH
Wizarding Express batting - Pitching for Ft. Worth Cattlemen : LHP Bartolomeu Lio
Batting: RHB Ed Whitaker 0-0: Foul Ball, location: 2F
0-1: Called Strike
0-2: Strikes out swinging
Batting: RHB Tenshin Ichikawa 0-0: Called Strike
0-1: Fly out, F9 (Flyball, 9S)
Batting: RHB António Martínez 0-0: DOUBLE (Line Drive, 7LS)
Batting: RHB Chi-ju Zhang 0-0: Ball
1-0: Ball
2-0: Ground out 1-3 (Groundball, 13S)
Top of the 6th over - 0 run(s), 1 hit(s), 0 error(s), 1 left on base; Wizarding 0 - Ft. Worth 0
BOTTOM OF THE 6TH
Ft. Worth Cattlemen batting - Pitching for Wizarding Express : RHP Lou Meadows
Batting: RHB Joey Morgan 0-0: Called Strike
0-1: Ball
1-1: Swinging Strike
1-2: Ball
2-2: Fly out, F5 (Popup, 5)
Pitching: RHP Enrico Reséndez
Batting: RHB Bart Lewis 0-0: Called Strike
0-1: Foul Ball, location: 2F
0-2: Strikes out swinging
Batting: RHB Teruo Nakayama 0-0: Ball
1-0: Ball
2-0: Foul Ball, location: 2F
2-1: Called Strike
2-2: Ball
3-2: Foul Ball, location: 2F
3-2: Strikes out swinging
Bottom of the 6th over - 0 run(s), 0 hit(s), 0 error(s), 0 left on base; Wizarding 0 - Ft. Worth 0
TOP OF THE 7TH
Wizarding Express batting - Pitching for Ft. Worth Cattlemen : LHP Bartolomeu Lio
Batting: RHB Cole Shaffer 0-0: Ball
1-0: Ball
2-0: Ball
3-0: SINGLE (Groundball, 6MD)
Batting: LHB Nathan Tanner 0-0: Ground out 5-3 (Groundball, 25)
Cole Shaffer to second
Batting: RHB Rafael Arredondo 0-0: Intentional Walk
Batting: LHB Kyung-chor Pang 0-0: Ball
1-0: Ground out U3 (Groundball, 34S)
Cole Shaffer to third
Rafael Arredondo to second
Batting: RHB Steve Dunn 0-0: Called Strike
0-1: Foul Ball, location: 2F
0-2: Foul Ball, location: 2F
0-2: Fly out, F5 (Popup, 5L)
Top of the 7th over - 0 run(s), 1 hit(s), 0 error(s), 2 left on base; Wizarding 0 - Ft. Worth 0
BOTTOM OF THE 7TH
Ft. Worth Cattlemen batting - Pitching for Wizarding Express : RHP Enrico Reséndez
Batting: LHB Ryan Westlake 0-0: Ball
1-0: Swinging Strike
1-1: Ball
2-1: SOLO HOME RUN (Flyball, 89XD), Distance : 434 ft
Batting: RHB Júlio Maldonado 0-0: Ball
1-0: Foul Ball, location: 2F
1-1: Called Strike
1-2: Ball
2-2: Strikes out looking
Batting: LHB Davis Anderson 0-0: Ball
1-0: Called Strike
1-1: Ball
2-1: Ball
3-1: Base on Balls
Batting: LHB Nobuo Yamashita 0-0: Called Strike
0-1: Called Strike
0-2: Fly out, F3 (Line Drive, 3)
Batting: RHB Jorge Rosa 0-0: Ball
1-0: Swinging Strike
1-1: Ball
2-1: Swinging Strike
2-2: Fly out, F6 (Popup, 6MS)
Bottom of the 7th over - 1 run(s), 1 hit(s), 0 error(s), 1 left on base; Wizarding 0 - Ft. Worth 1
TOP OF THE 8TH
Wizarding Express batting - Pitching for Ft. Worth Cattlemen : LHP Bartolomeu Lio
Batting: RHB Ed Whitaker 0-0: Ball
1-0: Ball
2-0: SINGLE (Line Drive, 78S)
Batting: RHB Tenshin Ichikawa 0-0: Sac Bunt - play at first, batter OUT! 3-4
Ed Whitaker to second
Batting: RHB António Martínez 0-0: Foul Ball, location: 2F
0-1: Foul Ball, location: 2F
0-2: Ball
1-2: Ball
2-2: Foul Ball, location: 2F
2-2: Ground out 1-3 (Groundball, 13S)
Ed Whitaker to third
Batting: RHB Chi-ju Zhang 0-0: Called Strike
0-1: Ball
1-1: Ground out 5-3 (Groundball, 56)
Top of the 8th over - 0 run(s), 1 hit(s), 0 error(s), 1 left on base; Wizarding 0 - Ft. Worth 1
BOTTOM OF THE 8TH
Ft. Worth Cattlemen batting - Pitching for Wizarding Express : RHP Enrico Reséndez
Batting: SHB Robby Day 0-0: Ball
1-0: Called Strike
1-1: Ground out 1-3 (Groundball, 13S)
Batting: RHB Joey Morgan 0-0: Fly out, F9 (Flyball, 9)
Batting: RHB Bart Lewis 0-0: Fly out, F9 (Flyball, 89M)
Bottom of the 8th over - 0 run(s), 0 hit(s), 0 error(s), 0 left on base; Wizarding 0 - Ft. Worth 1
TOP OF THE 9TH
Wizarding Express batting - Pitching for Ft. Worth Cattlemen : LHP Bartolomeu Lio
Batting: RHB Cole Shaffer 0-0: Ball
1-0: Ground out 6-3 (Groundball, 6)
Batting: LHB Nathan Tanner 0-0: Foul Ball, location: 2F
0-1: Swinging Strike
0-2: SINGLE (Groundball, 34S) (infield hit)
Batting: RHB Rafael Arredondo 0-0: Ball
1-0: Grounds into double play, 4-6-3 (Groundball, 4)
Top of the 9th over - 0 run(s), 1 hit(s), 0 error(s), 0 left on base; Wizarding 0 - Ft. Worth 1
Friday, December 30th, 2016 - OOTP Baseball 17.12 Build 75